 Dungeon Crawl Stone Soup version 0.28-b1-25-g9875b3fc8c (webtiles) character file.

Game seed: 11291791085856758040

3353 Lathuz the Basher (level 10, -18/63 HPs)
             Began as a Gargoyle Fighter on Feb 3, 2022.
             Was a Follower of Okawaru.
             Demolished by a two-headed ogre (21 damage)
             ... on level 7 of the Dungeon.
             The game lasted 00:21:04 (8665 turns).

Lathuz the Basher (Gargoyle Fighter)                Turns: 8665, Time: 00:21:04

Health: -18/63     AC: 24    Str: 24    XL:     10   Next: 3%
Magic:  10/10      EV:  6    Int:  9    God:    Okawaru [*.....]
Gold:   478        SH: 10    Dex:  9    Spells: 9/9 levels left

rFire   . . .      SeeInvis .   D - +0 morningstar
rCold   . . .      Faith    .   c - +0 buckler
rNeg    + + +      Spirit   .   E - +0 plate armour
rPois   ∞          Reflect  +   k - +0 helmet
rElec   +          Harm     .   z - +0 cloak
rCorr   .          Rampage  .   b - +0 pair of gloves
Will    .....                   (no boots)
Stlth   ..........              p - amulet of reflection
HPRegen 0.20/turn               y - ring of positive energy
MPRegen 0.12/turn               n - ring of positive energy

@: mighty
A: sickness immunity, AC +7, negative energy resistance 1, electricity
resistance, torment resistance 1, petrification resistance
a: Renounce Religion, Heroism


You were on level 7 of the Dungeon.
You worshipped Okawaru.
Okawaru was aware of your devotion.
You visited 2 branches of the dungeon, and saw 10 of its levels.

You collected 478 gold pieces.

Inventory:

Hand Weapons
 m - a +4 spectral club
 v - a +1 mace of protection
 D - a +0 morningstar (weapon)
Missiles
 l - 3 poisoned darts
 s - 150 stones (quivered)
Armour
 b - a +0 pair of gloves (worn)
 c - a +0 buckler (worn)
 h - a scarf of resistance
 k - a +0 helmet (worn)
 z - a +0 cloak (worn)
 E - a +0 plate armour (worn)
Jewellery
 d - a ring of magical power
 n - a ring of positive energy (right hand)
 p - an amulet of reflection (around neck)
 x - an amulet of faith
 y - a ring of positive energy (left hand)
Wands
 q - a wand of flame (40)
Scrolls
 a - a scroll of enchant weapon
 e - a scroll of brand weapon {unknown}
 g - 3 scrolls of noise {unknown}
 i - a scroll of fear {unknown}
 o - a scroll of enchant armour {unknown}
 u - 3 scrolls of vulnerability {unknown}
 w - 3 scrolls of acquirement {unknown}
 K - a scroll of immolation
 Y - 4 scrolls of teleportation {@r3}
 Z - a scroll of identify {@r1}
Potions
 A - 2 potions of attraction
 B - 3 potions of brilliance
 C - a potion of cancellation
 H - a potion of haste
 L - a potion of flight
 R - a potion of resistance


   Skills:
 + Level 7.5 Fighting
 * Level 9.0 Maces & Flails
 + Level 7.5 Armour
 + Level 7.5 Shields


You had 9 spell levels left.
You didn't know any spells.
Your spell library contained the following spells:

 Spells                   Type           Power      Damage    Failure   Level
 Slow                     Hex            0%         N/A       100%        1


Dungeon Overview and Level Annotations

Branches:
Dungeon (9/15)             Temple (1/1) D:5
   Lair: D:8-11         Orc: D:9-12

Altars:
Ashenzari
Cheibriados
Dithmenos
Elyvilon
Fedhas
Gozag
Hepliaklqana
Kikubaaqudgha
Makhleb
Nemelex Xobeh
Okawaru
Qazlal
Ru
Sif Muna
Trog
Uskayaw
Vehumet
Xom
Yredelemnul
Zin
The Shining One

Shops:
D:3 :

Annotations:
D:9 Psyche


Innate Abilities, Weirdness & Mutations

You are immune to sickness and miasma.
Your stone body is resilient. (AC +7)
You are immune to poison.
You resist negative energy. (rN+)
You are resistant to electric shocks. (rElec)
You are resistant to unholy torment.
You are immune to petrification.


Message History

* * * LOW HITPOINT WARNING * * *
You barely miss the killer bee. You bludgeon the killer bee!!
You kill the killer bee!
You see here a killer bee corpse.
You puncture the killer bee!
The killer bee is severely wounded.
You sock the killer bee!
You kill the killer bee!
You start resting.
HP restored.
s - 150 stones (gained 1)
You now have 451 gold pieces (gained 8).
You now have 466 gold pieces (gained 15).
You now have 478 gold pieces (gained 12).
B - 3 potions of brilliance (gained 1)
A two-headed ogre comes into view.
It is wielding a +0 giant spiked club and a +0 giant club.
The two-headed ogre shouts in stereo!
You see here a ring of see invisible.
There is a stone staircase leading up here.
The two-headed ogre hits you with a +0 giant club.
You climb upwards.
There is a stone staircase leading down here.
You feel very mighty all of a sudden.
You barely miss the two-headed ogre.
The two-headed ogre hits you with a +0 giant spiked club!
The two-headed ogre hits you with a +0 giant club!
You barely miss the two-headed ogre.
The two-headed ogre hits you with a +0 giant spiked club!
* * * LOW HITPOINT WARNING * * *
The two-headed ogre hits you with a +0 giant club.
* * * LOW HITPOINT WARNING * * *
You sock the two-headed ogre!
The two-headed ogre is moderately wounded.
The two-headed ogre hits you with a +0 giant spiked club!!
* * * LOW HITPOINT WARNING * * *
You puncture the two-headed ogre!
The two-headed ogre is heavily wounded.
The two-headed ogre hits you with a +0 giant spiked club!!
You die...

### #<# ########### #.#
#.....#...#
######.##############
#.###.#...#
#...@O...............
#.#.......#
#.##.#.##############
#.#.#.#...###+##.#.#### ...
#.#.#.#...#...........####
.>.
#.#.#.#...#................
...
#.#.......'...........###..
... #.###....##...........#
... #.# #)...#+...........#
... #.# #....##...........#
...


You could see a two-headed ogre.

Vanquished Creatures
  Grinder (D:4)
  A wyvern (D:8)
  Menkaure (D:5)
  A water moccasin (D:8)
  An orc warrior (D:8)
  A sky beast (D:6)
  An ice beast (D:6)
  2 necrophages
  2 ogres
  2 black bears (D:6)
  3 centaurs
  A phantom (D:6)
  Blork the orc (D:4)
  A bullfrog (D:7)
  A gnoll sergeant (D:8)
  A wyvern zombie (D:8)
  A scorpion (D:5)
  5 killer bees (D:8)
  4 wights (D:7)
  A bullfrog zombie (D:5)
  A centaur zombie (D:6)
  3 hounds
  3 jellies
  A gnoll shaman (D:7)
  Crazy Yiuf (D:3)
  An orc priest (D:7)
  3 bullfrog skeletons
  2 centaur skeletons
  4 iguanas
  An orc wizard (D:8)
  A killer bee zombie (D:8)
  2 hound skeletons (D:4)
  Robin (D:1)
  An adder (D:4)
  14 gnolls
  2 shadow imps
  2 white imps
  An ufetubus (D:5)
  An adder skeleton (D:4)
  6 dart slugs
  13 orcs
  8 endoplasms
  2 giant cockroaches
  15 goblins
  9 hobgoblins
  A quokka (D:5)
  5 ball pythons
  2 bats
  2 frilled lizards
  2 kobolds
  4 rats
146 creatures vanquished.

Notes
Turn   | Place    | Note
-------+----------+-------------------------------------------
     0 | D:1      | Lathuz the Gargoyle Fighter began the quest for the Orb.
     0 | D:1      | Reached XP level 1. HP: 14/14 MP: 1/1
   116 | D:1      | Reached XP level 2. HP: 19/19 MP: 2/2
   917 | D:2      | Reached XP level 3. HP: 23/23 MP: 3/3
   953 | D:2      | Noticed Robin
  1247 | D:1      | Killed Robin
  1798 | D:2      | Found a faded altar of an unknown god.
  1806 | D:2      | Got Plato's Volume of Bewitchment
  1950 | D:2      | Reached skill level 3 in Maces & Flails
  2587 | D:3      | Reached XP level 4. HP: 29/29 MP: 4/4
  2642 | D:3      | Found a runed translucent door.
  2643 | D:3      | Noticed Crazy Yiuf
  2652 | D:3      | Paralysed by Crazy Yiuf for 3 turns
  2655 | D:3      | Killed Crazy Yiuf
  3170 | D:3      | Found Nemizado's Book Emporium.
  3334 | D:4      | Reached XP level 5. HP: 27/33 MP: 5/5
  3498 | D:4      | Noticed Grinder
  3520 | D:4      | Paralysed by Grinder for 3 turns
  3541 | D:4      | Killed Grinder
  3542 | D:4      | Reached skill level 4 in Maces & Flails
  3542 | D:4      | Reached XP level 6. HP: 33/39 MP: 6/6
  3622 | D:4      | Reached XP level 7. HP: 36/44 MP: 7/7
  3751 | D:4      | Found a broken altar of Ashenzari.
  4281 | D:4      | Reached skill level 5 in Maces & Flails
  4284 | D:4      | Reached skill level 5 in Shields
  4298 | D:4      | Noticed Blork the orc
  4308 | D:4      | Killed Blork the orc
  4309 | D:4      | Reached skill level 5 in Fighting
  4309 | D:4      | Reached skill level 5 in Armour
  4430 | D:5      | Entered Level 5 of the Dungeon
  4430 | D:5      | Found a hazy altar of Hepliaklqana.
  4431 | D:5      | Found a sparkling altar of Nemelex Xobeh.
  4588 | D:5      | Found a staircase to the Ecumenical Temple.
  4601 | Temple   | Entered the Ecumenical Temple
  5205 | D:5      | Noticed Menkaure
  5221 | D:5      | Killed Menkaure
  5222 | D:5      | Reached skill level 6 in Maces & Flails
  5222 | D:5      | Reached XP level 8. HP: 18/50 MP: 8/8
  5625 | D:6      | You fall into a shaft and drop 1 floor!
  5898 | D:7      | Reached skill level 7 in Maces & Flails
  5995 | D:9      | Noticed Psyche
  6191 | D:8      | Reached XP level 9. HP: 44/56 MP: 9/9
  6530 | Temple   | Became a worshipper of Warmaster Okawaru
  7094 | D:6      | Reached skill level 8 in Maces & Flails
  7254 | D:6      | Reached * piety under Okawaru
  8437 | D:8      | Reached skill level 9 in Maces & Flails
  8437 | D:8      | Reached XP level 10. HP: 37/63 MP: 10/10
  8656 | D:8      | Noticed a two-headed ogre
  8664 | D:7      | HP: 3/63 [two-headed ogre (22)]
  8665 | D:7      | Demolished by a two-headed ogre

Illustrated notes

Levels and vault maps discovered:
D:1:      dpeg_arrival_rooms_with_view, layout_rooms, lemuel_old_faithful
D:2:      layout_basic, shapermc_ecumenical_altar_rom_forum, uniq_robin
D:3:      layout_basic, serial_shops, shop, uniq_crazy_yiuf_cottage
D:4:      layout_basic, nicolae_ashenzari_skybound, st_stairs_13,
          uniq_blork_the_orc, uniq_grinder
D:5:      layout_loops_ring, chequers_temple_overflow_statue_of_worship,
          minmay_temple_entry_crystal_x, minivault_26, uniq_menkaure
D:6:      layout_loops_ring, palyth_stone_intersect, minivault_5, st_stairs_12
D:7:      layout_basic, chequers_serial_rivers_small_3
D:8:      layout_rooms
D:9:      layout_rooms, orc_0_dummy, ebering_ghost_reflecting_pool, uniq_psyche
Temple:   mainiacjoe_temple_bowtie_tessellation

Skill      XL: |  1  2  3  4  5  6  7  8  9 |
---------------+----------------------------+-----
Maces & Flails | 3 4 6 7 9 |  9.0
Shields        | 4 5 6 7 |  7.5
Armour         | 4 5 6 7 |  7.5
Fighting       | 4 5 6 7 |  7.5

Action                   |  1- 3 |  4- 6 |  7- 9 | 10-12 || total
-------------------------+-------+-------+-------+-------++-------
Melee: Flail             |   108 |       |       |       ||   108
       Club              |    11 |    53 |   327 |       ||   391
       Morningstar       |       |       |    72 |    17 ||    89
Throw: Stone             |     6 |    14 |    17 |       ||    37
Evoke: Wand              |       |       |     1 |       ||     1
  Use: Scroll            |       |       |    10 |       ||    10
       Potion            |       |       |     1 |     1 ||     2
 Stab: Distracted        |       |       |     1 |       ||     1
Armor: Scale mail        |    73 |    16 |   133 |       ||   222
       Plate armour      |       |       |    58 |    24 ||    82
Dodge: Dodged            |    46 |    13 |   137 |    10 ||   206
Block: Buckler           |    23 |     8 |   211 |    15 ||   257
       Reflection        |       |       |     4 |       ||     4
